 Dungeon Crawl Stone Soup version 0.26-a0-661-g406de6ba63 (webtiles) character file.

Game seed: 15239382434526078516

214 grandjackal the Slasher (level 5, 0/41 HPs)
             Began as a Demonspawn Gladiator on Oct 8, 2020.
             Killed from afar by Sigmund (9 damage)
             ... with a magic dart
             ... on level 2 of the Dungeon.
             The game lasted 00:02:42 (1377 turns).

grandjackal the Slasher (Demonspawn Gladiator)      Turns: 1377, Time: 00:02:43

Health: 0/41       AC: 15    Str: 15    XL:     5   Next: 59%
Magic:  5/5        EV: 12    Int: 14    God:
Gold:   143        SH:  0    Dex: 14    Spells: 4/4 levels left

rFire    . . .     SeeInvis .   u - +3 great sword "Xuwkob" {speed, +Rage rElec Int+4}
rCold    + . .     Faith    .   (shield currently unavailable)
rNeg     . . .     Spirit   .   h - +4 ring mail
rPois    .         Reflect  .   c - +0 helmet
rElec    +         Harm     .   (no cloak)
rCorr    .         Rampage  .   (no gloves)
MR       .....                  t - +2 pair of boots
Stlth    ..........             (no amulet)
HPRegen  0.13/turn              (no ring)
MPRegen  0.09/turn              (no ring)

@: confused, berserk cooldown, slowed, very slow
A: thin metallic scales 1, cold resistance 1, demonic guardian 1
a: Evoke Berserk Rage


You were on level 2 of the Dungeon.
You visited 1 branch of the dungeon, and saw 2 of its levels.
You visited the Abyss 1 time.

You collected 143 gold pieces.

Inventory:

Hand Weapons
 a - a +0 long sword
 u - the +3 great sword "Xuwkob" (weapon) {speed, +Rage rElec Int+4}
   (You found it on level 2 of the Abyss)

   Attacks with this weapon are significantly faster.
   It affects your intelligence (+4).
   It insulates you from electricity.
   It lets you go berserk.
Missiles
 d - 3 throwing nets (quivered)
Armour
 c - a +0 helmet (worn)
 e - a +0 pair of boots
 h - a +4 ring mail (worn)
 t - a +2 pair of boots (worn)
Jewellery
 j - an uncursed ring of fire
Scrolls
 f - a scroll of teleportation {unknown}
 g - 3 scrolls of identify {unknown}
 i - a scroll of remove curse {unknown}
 k - 2 scrolls of fog {unknown}
 l - a scroll of blinking {unknown}
 n - a scroll of noise {unknown}
 o - a scroll of magic mapping {unknown}
 p - a scroll of enchant weapon {unknown}
 s - a scroll of vulnerability {unknown}
Potions
 b - 3 potions of lignification {unknown}
 m - 3 potions of degeneration {unknown}
 q - a potion of haste {unknown}
 r - a potion of flight {unknown}


   Skills:
 + Level 3.5 Fighting
 + Level 3.7 Long Blades
 - Level 1.7 Throwing
 + Level 2.0 Armour
 + Level 3.7 Dodging


You had 4 spell levels left.
You didn't know any spells.
Your spell library was empty.

Dungeon Overview and Level Annotations

Branches:
Dungeon (2/15)

Altars:

Annotations:
D:2 Sigmund


Innate Abilities, Weirdness & Mutations

You are partially covered in thin metallic scales. (AC +2)
Your flesh is cold resistant. (rC+)
A weak demonic guardian rushes to your aid.


Message History

Level annotation: Sigmund You feel a strong urge to attack something.
You are no longer berserk.
You are exhausted.
You feel yourself slow down.
Sigmund breathes a few words.
Sigmund's hands start flickering wildly.
Sigmund gestures wildly while chanting.
Sigmund flickers and vanishes!
Deactivating autopickup; reactivate with Ctrl-A.
Unknown command.
Unknown command.
Unknown command.
Unknown command.
A magic dart appears from out of thin air!
The magic dart hits you but does no damage.
You are confused.
A magic dart appears from out of thin air!
The magic dart hits you!
You die...

(.#### ### #.# .
#.)..######.####.# ..(
####.##........#.####...
###.........#....#...
##...#.......##{..#.#
#..# #.......##.....#
#.## #.......###.#..#
..# #.......###.#..# ))#
#.......##.@...#
.######..######...#.#
..##....## ##.....#
#(##.#### ##..#...#
#)##.# #####..##...#
#....# #.....###...#
#...## ##.##### ......
#.#.# #..# .......
#.#..###.## .......#


There were no monsters in sight!

Vanquished Creatures
  A ynoxinul (Abyss:2)
  2 adders (D:2)
  An ooze (D:1)
  2 worms (D:2)
  2 dart slugs
  2 giant cockroaches (D:1)
  5 goblins
  6 hobgoblins
  2 jackals (D:2)
  5 kobolds
  6 bats
  2 frilled lizards (D:1)
  7 rats
43 creatures vanquished.

Vanquished Creatures (collateral kills)
  A worker ant (D:2)
1 creature vanquished.

Grand Total: 44 creatures vanquished

Notes
Turn   | Place    | Note
-------+----------+-------------------------------------------
     0 | D:1      | grandjackal the Demonspawn Gladiator began the quest for
                  | the Orb.
     0 | D:1      | Reached XP level 1. HP: 16/16 MP: 1/1
    90 | D:1      | Gained mutation: A weak demonic guardian rushes to your
                  | aid. [demonic ancestry]
    90 | D:1      | Reached XP level 2. HP: 18/22 MP: 2/2
   735 | D:2      | Reached XP level 3. HP: 24/28 MP: 3/3
   953 | D:2      | Reached skill level 1 in Armour
   964 | D:2      | Gained mutation: You are partially covered in thin metallic
                  | scales. (AC +2) [demonic ancestry]
   964 | D:2      | Reached XP level 4. HP: 33/34 MP: 4/4
  1083 | D:2      | Noticed Sigmund
  1177 | D:2      | Cast into level 1 of the Abyss (Sigmund)
  1316 | Abyss:2  | Found a corrupted altar of Lugonu.
  1325 | Abyss:2  | Got a crystal great sword
  1326 | Abyss:2  | Identified the +3 great sword "Xuwkob" {speed, +Rage rElec
                  | Int+4} (You found it on level 2 of the Abyss)
  1335 | Abyss:2  | Noticed a large abomination
  1359 | Abyss:2  | Noticed a ynoxinul
  1371 | Abyss:2  | Killed a ynoxinul
  1371 | Abyss:2  | Gained mutation: Your flesh is cold resistant. (rC+)
                  | [demonic ancestry]
  1371 | Abyss:2  | Reached XP level 5. HP: 12/41 MP: 5/5
  1373 | D:2      | Escaped the Abyss
  1377 | D:2      | Killed from afar by Sigmund

Illustrated notes

Levels and vault maps discovered:
D:1:      wheals_arrival_linesprint, layout_rooms
D:2:      layout_rooms, minmay_joined_circles, uniq_sigmund

Skill      XL: |  1  2  3  4 |
---------------+-------------+-----
Long Blades    | 3 |  3.7
Dodging        | 3 |  3.7
Armour         | 1 2 |  2.0
Fighting       | 3 |  3.5
Throwing       | |  1.7

Action                   |  1- 3 |  4- 6 || total
-------------------------+-------+-------++-------
Melee: Long sword        |    90 |    20 ||   110
       Great sword       |       |     6 ||     6
 Abil: Evoke Berserk Rag |       |     1 ||     1
Armor: Leather armour    |     6 |       ||     6
       Ring mail         |    34 |     9 ||    43
Dodge: Dodged            |    74 |    22 ||    96
       Rpst.: Long sword |    27 |     6 ||    33

Table legend: (Time is in decaauts)
 A = Elapsed time spent in this place.
 B = Non-inter-level travel time spent in this place.
 C = Inter-level travel time spent in this place.
 D = Time resting spent in this place.
 E = Time spent auto-exploring this place.
 F = Levels seen in this place.
 G = Mean time per level.
                   A        B        C        D        E       F      G
               +--------+--------+--------+--------+--------+-----+--------+
         Total |   1401 |   1341 |     60 |    307 |    613 |   4 |  350.2 |
       Dungeon |   1208 |   1148 |     60 |    208 |    613 |   2 |  604.0 |
         Abyss |    192 |    192 |      0 |     99 |      0 |   2 |   96.0 |
               +--------+--------+--------+--------+--------+-----+--------+

Top non-repeatable levels by time:
     D:1: 685 daAuts
     D:2: 522 daAuts
 Abyss:1: 137 daAuts
 Abyss:2: 55 daAuts
